 Dungeon Crawl Stone Soup version 0.31.0-32-g396128a36d (webtiles) character file.

Game seed: 541451352689172099

44 cdecastro the Grave Robber (level 3, 0/24 HPs)
             Began as a Human Necromancer on Mar 27, 2024.
             Slain by a gnoll
             ... wielding a +0 spear
              (2 damage)
             ... on level 2 of the Dungeon on Mar 28, 2024.
             The game lasted 00:02:57 (1036 turns).

cdecastro the Grave Robber (Human Necromancer)      Turns: 1036, Time: 00:02:58

Health: 0/24       AC:  2    Str:  8    XL:     3   Next: 62%
Magic:  2/6        EV: 12    Int: 17    God:
Gold:   91         SH:  0    Dex: 13    Spells: 5/6 levels left

rFire   . . .        h - +0 trident
rCold   . . .        (no shield)
rNeg    . . .        a - +0 robe
rPois   .            (no helmet)
rElec   .            (no cloak)
rCorr   .            (no gloves)
SInv    .            (no boots)
Will    .....        (no amulet)
Stlth   ++           d - ring of flight
HPRegen 0.24/turn    (no ring)
MPRegen 0.10/turn

%: no passive effects
@: flying
A: explore regen
a: no special abilities


You were on level 2 of the Dungeon.
You visited 1 branch of the dungeon, and saw 2 of its levels.

You collected 91 gold pieces.

Inventory:

Hand Weapons
 c - a +0 dagger
 h - a +0 trident (weapon)
Armour
 a - a +0 robe (worn)
Jewellery
 d - a ring of flight (left hand)
 j - a ring of willpower
Scrolls
 f - a scroll of identify {unknown}
 i - a scroll of amnesia {unknown}
Potions
 b - a potion of magic
 e - a potion of haste {unknown}
 g - a potion of lignification {unknown}


   Skills:
 - Level 2.0 Dodging
 - Level 2.0 Stealth
 - Level 2.0 Spellcasting
 + Level 5.2 Necromancy


You had 5 spell levels left.
You knew the following spells:

 Your Spells              Type           Power      Damage    Failure   Level
a - Necrotise             Necr           76%        1d7       2%          1

Your spell library contained the following spells:

 Spells                   Type           Power      Damage    Failure   Level
 Vampiric Draining        Necr           19%        2d7       7%          3
 Animate Dead             Necr           19%        N/A       22%         4
 Curse of Agony           Necr           19%        N/A       52%         5


Dungeon Overview and Level Annotations

Branches:
Dungeon (2/15)

Altars:


Innate Abilities, Weirdness & Mutations

You regain HP and MP as you explore.


Message History

The dead are walking!
Unknown command.
You could not reach far enough!
The gnoll hits you from afar with a +0 spear.
Your gnoll skeleton hits the gnoll.
The gnoll hits you from afar with a +0 spear.
Your magical contamination has completely faded away.
You are too injured to fight recklessly!
You are too injured to fight recklessly!
You are too injured to fight recklessly!
Reach: h) +0 trident
Press: ? - help, Dir - move target, f/p - gnoll
Aim: a gnoll, wielding a +0 spear (lightly wounded, ally target, about 42% to evade your +0 trident)
You reach to attack!
You hit the gnoll.
The gnoll is lightly wounded.
Your gnoll skeleton closely misses the gnoll.
The gnoll hits you from afar with a +0 spear.
Reach: h) +0 trident
Press: ? - help, Dir - move target, f/p - gnoll
Aim: a gnoll, wielding a +0 spear (lightly wounded, ally target, about 42% to evade your +0 trident)
You could not reach far enough!
The gnoll completely misses you.
Your gnoll skeleton hits the gnoll but does no damage.
Unknown command.
Reach: h) +0 trident
Press: ? - help, Dir - move target, f/p - gnoll
Aim: a gnoll, wielding a +0 spear (lightly wounded, ally target, about 42% to evade your +0 trident)
You could not reach far enough!
The gnoll hits you from afar with a +0 spear!
* * * LOW HITPOINT WARNING * * *
Your gnoll skeleton hits the gnoll.
The gnoll hits you from afar with a +0 spear.
* * * LOW HITPOINT WARNING * * *
Reach: h) +0 trident
Press: ? - help, Dir - move target, f/p - gnoll
Aim: a gnoll, wielding a +0 spear (moderately wounded, ally target, about 42% to evade your +0 trident)
Okay, then.
Unknown command.
Your gnoll skeleton hits the gnoll.
The gnoll hits you from afar with a +0 spear.
You die...

#......#.......# ...#
#......#.......# ...
#......#.......##. ... #..#
#......#.......... #.# #..##
#......#......# #.# #...###
####.....)#.#'#########.###......
.........................##......
.###......#.#.#########..##......
.# ####.....#...@Zgg.....##......
.######+#####.#..##..#....#......
.#........................#g##..#
.#.##....####.#..#........#.###(#
.#.##....# #.#......#....'.# #..
.#..#....# #.#......#....#.# ###
.##.#....####.#......#....#.#
.....................#....###
###..#...#####...#...#....#


You could see 2 gnolls and a friendly gnoll skeleton.

Vanquished Creatures
  A gnoll (D:2)
  An adder (D:2)
  2 ball pythons
  5 endoplasms
  2 goblins
  3 hobgoblins (D:1)
  2 quokkas (D:1)
  A frilled lizard (D:1)
  5 rats (D:1)
22 creatures vanquished.

Vanquished Creatures (collateral kills)
  A goblin (D:1)
  A hobgoblin (D:1)
2 creatures vanquished.

Grand Total: 24 creatures vanquished

Notes
Turn   | Place    | Note
-------+----------+-------------------------------------------
     0 | D:1      | cdecastro the Human Necromancer began the quest for the
                  | Orb.
     0 | D:1      | Reached XP level 1. HP: 13/13 MP: 3/3
    58 | D:1      | Reached XP level 2. HP: 3/19 MP: 0/5
   870 | D:2      | Reached XP level 3. HP: 11/24 MP: 6/6
   936 | D:2      | Reached skill level 5 in Necromancy
  1036 | D:2      | Slain by a gnoll

Illustrated notes

Levels and vault maps discovered:
D:1:      heliophobic_arrival_dark_side_of_the_moon, layout_rooms,
          minmay_tromino_v4_b
D:2:      layout_basic, cheibrodos_gnoll_hut

Skill      XL: |  1  2  3 |
---------------+----------+-----
Necromancy     | 5 |  5.2
Dodging        | |  2.0
Stealth        | |  2.0
Spellcasting   | |  2.0

Action                     || total
---------------------------++-------
  Melee: Dagger            ||    47
         Trident           ||    14
         Punch             ||     1
   Cast: Necrotise         ||    24
   Stab: Sleeping          ||     1
 Armour: Robe              ||    45
  Dodge: Dodged            ||    43
